 Dungeon Crawl Stone Soup version 0.26.1-2-gb8aa6d0cf2 (webtiles) character file.

Game seed: 3778137880226934115

2437 Mattiprrivan the Sneak (level 9, -9/71 HPs)
             Began as a Demonspawn Brigand on Feb 25, 2021.
             Was a Believer of Fedhas.
             Mangled by a cyan ugly thing (12 damage)
             ... on level 7 of the Dungeon on Feb 27, 2021.
             The game lasted 01:14:22 (6876 turns).

Mattiprrivan the Sneak (Demonspawn Brigand)         Turns: 6876, Time: 01:14:24

Health: -9/71      AC: 13    Str: 14    XL:     9   Next: 25%
Magic:  12/12      EV:  9    Int: 13    God:    Fedhas [**....]
Gold:   452        SH:  9    Dex: 15    Spells: 8/8 levels left

rFire    . . .     SeeInvis .   k - +3 dagger (freeze)
rCold    . . .     Faith    +   o - +0 kite shield
rNeg     . . .     Spirit   .   e - +2 ring mail {rPois}
rPois    +         Reflect  .   (no helmet)
rElec    .         Harm     .   c - +0 cloak
rCorr    .         Rampage  .   j - +0 pair of gloves
Will     +....                  (no boots)
Stlth    ++........             m - amulet of faith
HPRegen  0.21/turn              q - ring of willpower
MPRegen  0.13/turn              (no ring)

@: no status effects
A: talons 1, icy blue scales 2, blink, high mp 1, poison resistance, powered by
death 1, robust 1
a: Blink, Renounce Religion, Wall of Briars


You were on level 7 of the Dungeon.
You worshipped Fedhas.
Fedhas was pleased with you.
You visited 2 branches of the dungeon, and saw 8 of its levels.

You collected 556 gold pieces.
You spent 104 gold pieces at shops.

Inventory:

Hand Weapons
 a - a +2 dagger
 k - a +3 dagger of freezing (weapon)
 t - a +2 vampiric long sword
Missiles
 h - 2 boomerangs
 r - 30 poisoned darts
 s - 4 javelins (quivered)
 v - a throwing net
Armour
 c - a +0 cloak (worn)
 e - a +2 ring mail of poison resistance (worn)
 j - a +0 pair of gloves (worn)
 o - a +0 kite shield (worn)
Jewellery
 m - an amulet of faith (around neck)
 q - a ring of willpower (left hand)
Wands
 g - a wand of polymorph (4)
Scrolls
 f - 3 scrolls of teleportation
 p - 4 scrolls of remove curse
 u - 2 scrolls of identify
Potions
 d - 4 potions of flight
 i - a potion of cancellation
 l - 6 potions of brilliance


   Skills:
 * Level 4.0 Fighting
 * Level 4.3(4.8) Short Blades
 * Level 3.0(4.1) Long Blades
 * Level 5.3 Throwing
 * Level 3.3 Armour
 * Level 3.0 Dodging
 * Level 5.4 Stealth
 * Level 3.0 Shields
 * Level 2.9 Unarmed Combat
 * Level 3.2 Invocations
 * Level 1.4 Evocations


You had 8 spell levels left.
You didn't know any spells.
Your spell library contained the following spells:

 Spells                   Type           Power        Failure   Level
 Corona                   Hex            0%           96%         1
 Ensorcelled Hibernation  Hex/Ice        0%           99%         2
 Confusing Touch          Hex            0%           100%        3
 Dazzling Flash           Conj/Hex       0%           100%        3
 Tukima's Dance           Hex            0%           100%        3


Dungeon Overview and Level Annotations

Branches:
Dungeon (7/15)             Temple (1/1) D:4

Altars:
Ashenzari
Elyvilon
Fedhas
Gozag
Kikubaaqudgha
Nemelex Xobeh
Trog
Vehumet
Yredelemnul
The Shining One

Shops:
D:5 =*!:[

Portals:
Bailey: D:7


Innate Abilities, Weirdness & Mutations

You have sharp toenails.
You are mostly covered in icy blue scales. (AC +3)
You regenerate a little health from kills.
You can translocate small distances at will.
You have an increased reservoir of magic. (+10% MP)
Your system is resistant to poisons. (rPois)
You are robust. (+10% HP)


Message History

The cyan ugly thing shocks you!
* * * LOW HITPOINT WARNING * * *
You feel better. The cyan ugly thing claws you.
* * * LOW HITPOINT WARNING * * *
The cyan ugly thing shocks you!
* * * LOW HITPOINT WARNING * * *
Hit: k) +3 dagger (freeze)
Press: ? - help, Dir - move target, f/p - cyan ugly thing
Aim: a cyan ugly thing (lightly wounded)
You hit the cyan ugly thing. You freeze the cyan ugly thing.
The cyan ugly thing is moderately wounded.
The cyan ugly thing closely misses you.
Hit: k) +3 dagger (freeze)
Press: ? - help, Dir - move target, f/p - cyan ugly thing
Aim: a cyan ugly thing (moderately wounded)
You hit the cyan ugly thing but do no damage.
The cyan ugly thing is moderately wounded.
The cyan ugly thing claws you!
You die...
Fedhas appreciates your contribution to the ecosystem.

#.# #..# #.# #..#
#.# #.[# #.#
#!.##### #.#
#..#...### #.# #..(#
... # #.# #..##
#.##.#.# #.# #..#
#.....### #.# ##.##
##@.......
#.#####.###u########
#..........##
############


You could see a cyan ugly thing.

Vanquished Creatures
  The ghost of frederrik2 the Slasher, an amateur PaFi (D:3)
  Eustachio (D:5)
  Menkaure (D:6)
  Edmund (D:6)
  2 water moccasins (D:5)
  2 sky beasts
  An ogre (D:6)
  2 centaurs (D:6)
  3 bullfrogs
  A scorpion (D:6)
  5 wights (D:7)
  3 howler monkeys
  A bullfrog zombie (D:5)
  4 orc priests
  5 orc wizards
  A bullfrog skeleton (D:6)
  3 worker ants
  2 hound zombies
  A hound skeleton (D:5)
  A howler monkey zombie (D:5)
  3 gnolls (D:3)
  5 adders
  A white imp (D:6)
  An ooze (D:1)
  2 adder zombies
  An adder skeleton (D:4)
  6 worms
  A dart slug (D:2)
  5 leopard geckos
  20 orcs
  3 giant cockroaches
  8 goblins
  8 hobgoblins
  17 jackals
  4 quokkas
  2 bats
  A jackal skeleton (D:5)
  A jackal zombie (D:5)
  6 kobolds
  7 rats
143 creatures vanquished.

Vanquished Creatures (others)
  A withered plant (D:5)
1 creature vanquished.

Grand Total: 144 creatures vanquished

Notes
Turn   | Place    | Note
-------+----------+-------------------------------------------
     0 | D:1      | Mattiprrivan the Demonspawn Brigand began the quest for the
                  | Orb.
     0 | D:1      | Reached XP level 1. HP: 16/16 MP: 1/1
   482 | D:1      | Gained mutation: You are partially covered in icy blue
                  | scales. (AC +2) [demonic ancestry]
   482 | D:1      | Reached XP level 2. HP: 22/22 MP: 2/2
  1374 | D:2      | Reached XP level 3. HP: 27/27 MP: 3/3
  1573 | D:2      | Found a white marble altar of Elyvilon.
  1676 | D:2      | Reached skill level 1 in Dodging
  2465 | D:2      | Gained mutation: You regenerate a little health from kills.
                  | [demonic ancestry]
  2465 | D:2      | Reached XP level 4. HP: 33/33 MP: 4/4
  2967 | D:3      | Found a runed translucent door.
  2968 | D:3      | Noticed frederrik2's ghost (amateur PaFi)
  2983 | D:3      | Killed frederrik2's ghost
  2984 | D:3      | Reached skill level 1 in Long Blades
  2984 | D:3      | Reached skill level 1 in Armour
  2984 | D:3      | Reached skill level 1 in Shields
  2984 | D:3      | Reached skill level 1 in Unarmed Combat
  2984 | D:3      | Reached XP level 5. HP: 39/39 MP: 5/5
  2984 | D:3      | Reached XP level 6. HP: 46/46 MP: 6/6
  3445 | D:4      | Gained mutation: You can translocate small distances at
                  | will. [potion of mutation]
  3445 | D:4      | Gained mutation: You have an increased reservoir of magic.
                  | (+10% MP) [potion of mutation]
  3445 | D:4      | Gained mutation: You are robust. (+10% HP) [potion of
                  | mutation]
  3445 | D:4      | Gained mutation: Your system is resistant to poisons.
                  | (rPois) [potion of mutation]
  3658 | D:4      | Gained mutation: You have sharp toenails. [demonic
                  | ancestry]
  3658 | D:4      | Reached XP level 7. HP: 56/56 MP: 7/7
  3817 | D:4      | Found a staircase to the Ecumenical Temple.
  3828 | Temple   | Entered the Ecumenical Temple
  3850 | Temple   | Became a worshipper of Fedhas Madash
  3950 | D:4      | Found a broken altar of Ashenzari.
  4394 | D:5      | Entered Level 5 of the Dungeon
  4477 | D:5      | Reached skill level 1 in Invocations
  4483 | D:5      | Found Tesk's Armour Shoppe.
  4598 | D:5      | Reached * piety under Fedhas
  4633 | D:5      | Found Kass's General Store.
  4649 | D:5      | Found Viubli's Distillery.
  4680 | D:5      | Bought a potion of invisibility for 104 gold pieces
  4722 | D:5      | Noticed Eustachio
  4741 | D:5      | Killed Eustachio
  4742 | D:5      | Gained mutation: You are mostly covered in icy blue scales.
                  | (AC +3) [demonic ancestry]
  4742 | D:5      | Reached XP level 8. HP: 63/63 MP: 8/10
  4824 | D:5      | Found Hish's Book Emporium.
  4879 | D:5      | Found Koptoisa's Jewellery Shop.
  4889 | D:5      | Got a warped ring mail
  4890 | D:5      | Identified the cursed +0 ring mail of the Beginning {Str+3}
                  | (You found it on level 5 of the Dungeon)
  4969 | D:5      | Found an ancient bone altar of Kikubaaqudgha.
  5303 | D:6      | Noticed Edmund
  5320 | D:6      | Killed Edmund
  5321 | D:6      | Reached skill level 5 in Stealth
  5610 | D:6      | Noticed Menkaure
  5623 | D:6      | Killed Menkaure
  5828 | D:6      | Reached skill level 5 in Throwing
  5848 | D:6      | Reached skill level 1 in Evocations
  5920 | D:6      | Got a translucent hand axe
  5921 | D:6      | Identified the +1 hand axe "Demonbane" {vorpal, Dex+3} (You
                  | found it on level 6 of the Dungeon)
  5974 | D:6      | Reached XP level 9. HP: 60/71 MP: 12/12
  5980 | D:6      | Reached ** piety under Fedhas
  6140 | D:6      | Found a basalt altar of Yredelemnul.
  6165 | D:6      | Found a glowing golden altar of the Shining One.
  6168 | D:6      | Noticed an angel
  6219 | D:6      | Found a sparkling altar of Nemelex Xobeh.
  6728 | D:7      | Noticed a white ugly thing
  6787 | D:7      | Found a flagged portal.
  6874 | D:7      | HP: 2/71 [cyan ugly thing (13)]
  6876 | D:7      | Mangled by a cyan ugly thing

Illustrated notes

Levels and vault maps discovered:
D:1:      dpeg_arrival_central, layout_basic, serial_rivers,
          chequers_serial_rivers_small_b, chequers_serial_rivers_large_a,
          chequers_serial_rivers_marsh, chequers_serial_rivers_marsh,
          chequers_serial_rivers_large_b
D:2:      layout_basic, marbit_many_paths, serial_curves, eino_curves_03,
          eino_curves_04, chequers_decorated_corner
D:3:      layout_basic, ebering_ghost_reflecting_pool, corexii_leaking_fountain,
          minmay_misc_feat_five
D:4:      layout_gridville, nicolae_overflow_hidden_temple,
          minmay_temple_entry_stoned_glass
D:5:      layout_rooms, kiku_gazebo_garden_becter, serial_shops, shop,
          nicolae_shop_crystal, shop_coins, shop, kennysheep_little_box,
          uniq_eustachio
D:6:      layout_gridville, grunt_temple_overflow_holy_war, lemuel_round_altar,
          grunt_potential, uniq_menkaure, uniq_edmund
D:7:      layout_loops_ring, led_sif_pool, serial_shops, shop, enter_bailey_8
Temple:   oiseaux_autumnal_temple

Skill      XL: |  1  2  3  4  5  6  7  8  9 |
---------------+----------------------------+-----
Stealth        | 4 5 |  5.4
Throwing       | 2 3 4 5 |  5.3
Short Blades   | 2 3 4 |  4.3
Dodging        | 1 2 3 |  3.0
Long Blades    | 1 2 3 |  3.0
Armour         | 1 2 3 |  3.3
Shields        | 1 2 3 |  3.0
Unarmed Combat | 1 2 |  2.9
Fighting       | 3 4 |  4.0
Invocations    | 1 2 3 |  3.2
Evocations     | 1 |  1.4

Action                   |  1- 3 |  4- 6 |  7- 9 || total
-------------------------+-------+-------+-------++-------
Melee: Dagger            |    79 |    81 |   235 ||   395
       Kick              |       |       |    47 ||    47
Throw: Dart              |    45 |    29 |    62 ||   136
       Boomerang         |     3 |    12 |    20 ||    35
       Javelin           |       |       |    19 ||    19
Evoke: Wand              |       |       |     1 ||     1
  Use: Scroll            |     5 |     5 |    10 ||    20
       Potion            |     5 |     2 |     7 ||    14
 Stab: Sleeping          |     3 |     4 |     5 ||    12
       Invisible         |       |       |     2 ||     2
Armor: Leather armour    |     4 |    22 |       ||    26
       Ring mail         |       |       |    59 ||    59
Dodge: Dodged            |    20 |    12 |    56 ||    88
Block: Other             |     9 |       |       ||     9
       Reflection        |     1 |       |       ||     1
       Kite shield       |    12 |    29 |   123 ||   164
